 Dungeon Sprint DCSS version bcrawl-1.17.3 (webtiles) character file.

Game seed: 18131824168403327984

10 Freyura the Magician (level 2, -5/20 HPs)
             Began as an Oni Wizard on Oct 20, 2019.
             Slain by a gnoll sergeant
             ... wielding a +3 spear
              (15 damage)
             ... in the Dungeon (Sprint IX: "|||||||||||||||||||||||||||||").
             The game lasted 00:01:29 (191 turns).

Freyura the Magician (Oni Wizard)                    Turns: 191, Time: 00:01:30

Health: -5/20      AC:  2    Str: 10    XL:     2   Next: 20%
Magic:  5/8        EV: 12    Int: 19    God:
Gold:   0          SH:  0    Dex:  9    Spells: 7/8 levels left

rFire    . . .     SeeInvis .   a - +0 staff
rCold    . . .     Gourm    .   (no shield)
rNeg     . . .     Faith    .   b - +0 animal skin
rPois    .         Spirit   .   c - +0 hat
rElec    .         Reflect  .   (no cloak)
rCorr    .         Harm     .   (no gloves)
MR       .....     NoTele   +   (no boots)
Stlth    ++........             (no amulet)
HPRegen  0.06/turn              (no ring)
MPRegen  0.11/turn              (no ring)

@: no status effects
A: oni magic, claws 1, fangs 1, horns 1
a: no special abilities


You were in the Dungeon.
You were not hungry.

You visited 1 branch

Inventory:

Hand Weapons
 a - a +0 staff (weapon)
Armour
 b - a +0 animal skin (worn)
 c - a +0 hat (worn)
Scrolls
 k - a scroll of blinking
Potions
 e - a potion of curing
 g - a potion of heal wounds
 h - a potion of haste
 i - a potion of magic
 j - a potion of berserk rage
Comestibles
 f - a ration {!d}


   Skills:
 - Level 1.7 Dodging
 - Level 1.7 Stealth
 + Level 3.7 Spellcasting


You had 7 spell levels left.
You knew the following spells:

 Your Spells              Type           Power        Failure   Level  Hunger
a - Magic Dart            Conj           ###.         2%          1    None

Your spell library contained the following spells:

 Spells                   Type           Power        Failure   Level  Hunger
 Pain                     Necr           ###...       2%          1    None
 Slow                     Hex            ###.....     2%          1    None
 Blink                    Tloc           N/A          3%          2    ##.....
 Call Imp                 Summ           ###.....     3%          2    ##.....
 Conjure Flame            Conj/Fire      ###.....     10%         3    ###....
 Mephitic Cloud           Conj/Pois/Air  ###.....     10%         3    ###....


Dungeon Overview and Level Annotations

Branches:
Dungeon (1/1)

Altars:


Innate Abilities, Weirdness & Mutations

You learn spells by gaining experience, not through books or religion.
You only train spellcasting to practice magic.
You have sharp fingernails.
You have very sharp teeth.
You have a pair of small horns on your head.


Message History

The orc is heavily wounded.
The gnoll sergeant hits you but does no damage.
The orc hits you with a +2 falchion of slicing.
Casting: Magic Dart (safe; 2% risk of failure)
Confirm with . or Enter, or press ? or * to list all spells.
Aiming: Magic Dart (safe; 2% risk of failure)
Press: ? - help, Shift-Dir - straight line, f/p - orc
Aim: an orc, wielding a +2 falchion of slicing and wearing a +0 leather armour (heavily wounded)
The magic dart hits the orc.
You kill the orc!
The gnoll sergeant hits you from afar with a +3 spear.
Casting: Magic Dart (safe; 2% risk of failure)
Confirm with . or Enter, or press ? or * to list all spells.
Aiming: Magic Dart (safe; 2% risk of failure)
Press: ? - help, Shift-Dir - straight line, f - gnoll sergeant
Aim: a gnoll sergeant, wielding a +3 spear, wearing a +0 scale mail and wearing a +2 shield The magic dart hits the gnoll sergeant.
The gnoll sergeant hits you from afar with a +3 spear!
Ouch! That really hurt!
You die...

▓.▓
▓.▓
▓.▓
▓†▓
▓.▓
▓.▓
▓.▓
▓†▓
▓@▓
▓)▓
▓g▓
▓5▓
▓o▓
▓O▓
▓.▓
▓+▓


You could see an ogre, a gnoll sergeant, a crimson imp and an orc.

Vanquished Creatures
  2 dart slugs (D)
  An orc (D)
  A bat (D)
  A frilled lizard (D)
  A rat (D)
6 creatures vanquished.

Notes
Turn   | Place    | Note
-------+----------+-------------------------------------------
     0 | D        | Freyura the Oni Wizard began the quest for the Orb.
     0 | D        | Reached XP level 1. HP: 14/14 MP: 5/5
    10 | D        | Reached skill level 3 in Spellcasting
    16 | D        | Reached XP level 2. HP: 13/20 MP: 0/8
   188 | D        | Noticed a gnoll sergeant
   188 | D        | Noticed a crimson imp
   188 | D        | Noticed an ogre
   191 | D        | Slain by a gnoll sergeant

Skill      XL: |  1 |
---------------+----+-----
Spellcasting   | 3 |  3.7
Dodging        | |  1.7
Stealth        | |  1.7

Action                   || total
-------------------------++-------
Melee: Staff             ||     4
 Cast: Magic Dart        ||    15
  Use: Potion            ||     1
Armor: Animal skin       ||     4
Dodge: Dodged            ||     9
